Cogmind - Beta 17 @@@ ROGUE MODE // 2026.08.04 @ 21:03:32 Player: Gargash Result: Destroyed by G-47 Trooper with Particle Gun Performance ------------- Evolutions (3) 1500 Regions Visited (6) 1200 Robots Destroyed (31) 155 Value Destroyed (831) 831 Prototype IDs (3) 60 Alien Tech Used (0) 0 Bonus (700) 700 TOTAL SCORE: 4446 Bonus ------- Entered Garrisons 200 Entered DSFs 500 Cogmind --------- Core Integrity 0/700 Matter 50/300 Energy 78/100 System Corruption 4% Temperature Cool (22) Movement Hovering (60) Location -7/Garrison Parts ------- > --- POWER (1) -------- (None) > --- PROPULSION (5) --- Antigrav System > --- UTILITY (5) ------ Improved Signal Interpreter Authchip [Weapon] > --- WEAPON (2) ------- (None) > --- INVENTORY (5) ---- Micro Nuclear Core Small Battery (100) Plasma Cannon Peak State ------------ > --- POWER ------------ Micro Nuclear Core > --- PROPULSION ------- Improved Flight Unit Improved Flight Unit Improved Flight Unit Improved Flight Unit Cesium-ion Thruster > --- UTILITY ---------- Improved Heat Sink Sensor Array Improved Signal Interpreter ECM Suite Authchip [Weapon] > --- WEAPON ----------- Plasma Cannon Rocket Launcher > --- INVENTORY -------- Cooled Ion Engine Advanced Weight Redist. System Plasma Cannon Plasma Cannon Gauss Rifle [Rating: 38] Favorites ----------- Power Light Ion Engine Engine Light Ion Engine Power Core Micro Nuclear Core Propulsion Improved Flight Unit Wheel Wheel Hover Unit Hover Unit Flight Unit Improved Flight Unit Utility Sensor Array Device Sensor Array Storage Small Storage Unit Processor Terrain Scan Processor Hackware Authchip [Weapon] Weapon Medium Laser Energy Gun Medium Laser Energy Cannon Plasma Cannon Ballistic Gun Assault Rifle Launcher Rocket Launcher Build | -11 -10 -10 -8 -7 -7 -7 ------- Run | Yrd Mat Sub Mat Fac DSF Gar Slots Evolved 6 | . . . 4 2 . . Power . | . . . . . . . Propulsion 3 | . . . 2 1 . . Utility 3 | . . . 2 1 . . Weapon . | . . . . . . . Parts Attached 54 | 6 19 . 12 3 10 4 Power 8 | 1 2 . 1 1 2 1 Engine 3 | 1 1 . 1 . . . Core 5 | . 1 . . 1 2 1 Reactor . | . . . . . . . Propulsion 17 | 2 8 . 3 . 3 1 Treads . | . . . . . . . Leg . | . . . . . . . Wheel 6 | 2 4 . . . . . Hover 3 | . 2 . . . . 1 Flight 8 | . 2 . 3 . 3 . Utility 14 | 1 5 . 4 1 3 . Device 9 | . 4 . 4 1 . . Storage 2 | 1 . . . . 1 . Processor 2 | . 1 . . . 1 . Hackware 1 | . . . . . 1 . Protection . | . . . . . . . Artifact . | . . . . . . . Weapon 15 | 2 4 . 4 1 2 2 Energy Gun 4 | 1 2 . 1 . . . Energy Cannon 5 | . . . 1 1 1 2 Ballistic Gun 4 | 1 . . 2 . 1 . Ballistic Cannon . | . . . . . . . Launcher 2 | . 2 . . . . . Special Weapon . | . . . . . . . Impact Weapon . | . . . . . . . Slashing Weapon . | . . . . . . . Piercing Weapon . | . . . . . . . Special Melee Weapon . | . . . . . . . Unidentified Prototypes 3 | . 1 . 2 . . . Parts Lost 19 | . 1 . . . 10 8 Power 4 | . 1 . . . 2 1 Propulsion 8 | . . . . . 4 4 Utility 4 | . . . . . 3 1 Weapon 3 | . . . . . 1 2 Highest Loss Streak 8 | . 1 . . . 5 8 To Critical Strikes . | . . . . . . . Average Backups 4 | 2 5 4 3 4 4 3 Power . | . 1 . . 1 . 1 Propulsion 1 | 1 2 2 . . . . Utility . | . . 1 . 1 . 1 Weapon 1 | . 1 1 2 2 2 1 Tool/Special . | . . . . . . . Unused Backups 5 | . 4 . . . . 1 Power . | . . . . . . . Propulsion 4 | . 4 . . . . . Utility 1 | . . . . . . 1 Weapon . | . . . . . . . Tool/Special . | . . . . . . . Average Slot Usage (%) 89 | . 94 100 90 88 77 70 Engine 7 | . 7 14 9 3 1 . Core 3 | . 5 . . 3 4 5 Wheel 5 | . 18 . . . . . Hover 2 | . 7 . . . . . Flight 21 | . 1 28 35 38 27 21 Device 13 | . 13 14 18 19 14 6 Storage 3 | . 9 . . . . 5 Processor 6 | . . 14 9 7 7 7 Hackware 1 | . . . . . 6 7 Energy Gun 9 | . 16 14 7 . . . Energy Cannon 2 | . . . 1 7 6 6 Ballistic Gun 4 | . 9 . . . 4 5 Launcher 5 | . 1 14 9 7 3 . Peak Build Rating 38 | 6 15 14 29 33 38 36 Average Rating 18 | 4 7 14 23 31 32 30 On Entrance 18 | . 6 14 14 27 33 36 Avg Prop Armor Cover (%) . | . . . . . . . Naked Turns . | . . . . . . . Heaviest Build 22 | 14 15 10 20 22 21 18 Greatest Support 29 | 26 26 10 29 25 27 23 Greatest Overweight (x) 2 | 1 1 . . . 2 1 Average Overweight (x) . | . . . . . . . Largest Inventory Capacity 8 | 8 8 5 5 5 5 5 Average Capacity 5 | 7 7 5 5 5 5 5 Most Carried 8 | 5 8 5 5 5 5 4 Average Carried 4 | 2 5 4 3 4 4 3 Final Capacity 8 | 8 5 5 5 5 5 5 Final Carried 5 | 4 4 5 5 5 4 3 Class Distribution -------------------- 56% | Mutant 38% | Sprinter 5% | Scavenger-Mutant Dominant Class ---------------- Mutant | -10/Materials Mutant | -10/Subcaves Sprinter | -8/Materials Sprinter | -7/Factory Mutant | -7/DSF Sprinter | -7/Garrison Resources | -11 -10 -10 -8 -7 -7 -7 ----------- Run | Yrd Mat Sub Mat Fac DSF Gar Matter Collected 803 | 242 219 . 237 . 52 53 Remotely . | . . . . . . . Salvage Created 854 | . 434 . 280 . 87 53 Parts 61 | . 24 . 20 . 15 2 Haulers Intercepted 1 | . . . 1 . . . Recyclers Shooed . | . . . . . . . Parts Field Recycled . | . . . . . . . Retrieved Matter . | . . . . . . . Parts Self-Destructed . | . . . . . . . Prevented . | . . . . . . . Parts Restored . | . . . . . . . Kills | -11 -10 -10 -8 -7 -7 -7 ------- Run | Yrd Mat Sub Mat Fac DSF Gar Combat Hostiles Destroyed 24 | . 8 . 10 . 5 1 Guns 10 | . 6 . 2 . 2 . Cannons 5 | . . . 3 . 2 . AOE 8 | . 2 . 5 . 1 . Classes Destroyed 8 | . 3 . 3 . 1 1 Hauler 1 | . . . 1 . . . Recycler 2 | . 1 . 1 . . . Watcher 4 | . 3 . 1 . . . Swarmer 6 | . . . 6 . . . Cutter 5 | . . . . . 5 . Grunt 11 | . 8 . 3 . . . Duelist 1 | . . . 1 . . . Programmer 1 | . . . . . . 1 Best Kill Streak 9 | . 3 . 9 . 3 1 Combat Bots Only 7 | . 3 . 7 . 3 1 Max Kills in Single Turn 3 | . 1 . 3 . 1 1 Gunslinging . | . . . . . . . Exploded 2 | . 1 . 2 . 1 . Melee . | . . . . . . . Uniques/NPCs Destroyed . | . . . . . . . Combat | -11 -10 -10 -8 -7 -7 -7 -------- Run | Yrd Mat Sub Mat Fac DSF Gar Hostile Shots Fired 201 | . 30 . 37 . 39 95 Missed 76 | . 9 . 19 . 12 36 Hits 125 | . 21 . 18 . 27 59 Melee 13 | . . . . . 13 . Projectile 112 | . 21 . 18 . 14 59 AOE 3 | . . . . . 3 . Critical Strikes 13 | . 1 . . . 8 4 Damage Taken 2445 | . 326 . 195 . 931 993 Core 824 | . 71 . 47 . 351 355 Absorbed by Shields 29 | . . . . . . 29 Core Remaining (%) 87 | 100 . 71 91 . . . Volleys Fired 84 | . 31 . 29 . 11 13 Largest 2 | . 2 . 2 . 2 2 Hottest 108 | . 83 . 83 . 108 108 Shots Fired 126 | . 62 . 31 . 16 17 Gun 84 | . 60 . 12 . 8 4 Cannon 29 | . . . 9 . 7 13 Launcher 13 | . 2 . 10 . 1 . Special . | . . . . . . . Kinetic 41 | . 29 . . . 8 4 Thermal 72 | . 31 . 21 . 7 13 Explosive 13 | . 2 . 10 . 1 . Electromagnetic . | . . . . . . . Robot Hit Streak 18 | . 18 . 4 . 2 6 Robot Miss Streak 4 | . 2 . 3 . 4 4 Penetration Max . | . . . . . . . Secondary Targets . | . . . . . . . Shots Hit Robots 71 | . 42 . 15 . 4 10 Core Hits 51 | . 22 . 23 . 6 . Critical Kills 1 | . . . . . . 1 Critical Parts Destroyed 1 | . . . . . . 1 Critical Strikes 5 | . 2 . 1 . . 2 Burn 3 | . 2 . 1 . . . Meltdown 1 | . . . . . . 1 Destroy 1 | . . . . . . 1 Melee Attacks . | . . . . . . . Impact . | . . . . . . . Slashing . | . . . . . . . Piercing . | . . . . . . . Sneak Attacks . | . . . . . . . Combat Hostiles . | . . . . . . . Follow-up Attacks . | . . . . . . . Damage Inflicted 1979 | . 624 . 937 . 151 267 Guns 658 | . 521 . 64 . 40 33 Cannons 495 | . . . 183 . 78 234 Explosions 826 | . 103 . 690 . 33 . Melee . | . . . . . . . Ramming . | . . . . . . . Kinetic 320 | . 247 . . . 40 33 Thermal 833 | . 274 . 247 . 78 234 Explosive 826 | . 103 . 690 . 33 . Electromagnetic . | . . . . . . . Impact . | . . . . . . . Slashing . | . . . . . . . Piercing . | . . . . . . . Highest Corruption 5 | . . . 5 . . 4 Average Corruption 4 | . . . 5 . . 2 Corruption Purged . | . . . . . . . Corruption Blocked . | . . . . . . . Effects 5 | . . . 3 . . 2 Message Errors 1 | . . . . . . 1 Heat Flow Errors 1 | . . . 1 . . . Energy Discharges 1 | . . . 1 . . . Parts Rejected 1 | . . . . . . 1 Data Loss (minor) 1 | . . . 1 . . . Overload Shots . | . . . . . . . Overflow Damage 23 | . . . 23 . . . Projectiles 8 | . . . 8 . . . Explosions 15 | . . . 15 . . . Melee . | . . . . . . . Knockbacks . | . . . . . . . Impact . | . . . . . . . Kinetic . | . . . . . . . Secondary . | . . . . . . . Self-Inflicted Damage 50 | . 50 . . . . . Shots 1 | . 1 . . . . . Rammed . | . . . . . . . Targets Rammed . | . . . . . . . Kicked . | . . . . . . . Crushed . | . . . . . . . Highest Temperature 300 | . 165 . 239 . . 300 Average Temperature 90 | . 65 . 124 . . 145 Received Heat Transfer 306 | . 174 . 36 . . 96 Siege Activations . | . . . . . . . Martial Activations . | . . . . . . . Shielding Activations . | . . . . . . . Robots Disrupted . | . . . . . . . Combat Hostiles . | . . . . . . . Robots Corrupted . | . . . . . . . Combat Hostiles . | . . . . . . . Parts Fried . | . . . . . . . Impact Corruptions . | . . . . . . . Robots Melted 1 | . . . . . . 1 Combat Hostiles 1 | . . . . . . 1 Parts Melted 4 | . 1 . 1 . . 2 Heat Transferred 2067 | . 962 . 555 . 150 400 Parts Sabotaged . | . . . . . . . Parts Stolen . | . . . . . . . Parts Stripped . | . . . . . . . Power Chain Reactions . | . . . . . . . Alert | -11 -10 -10 -8 -7 -7 -7 ------- Run | Yrd Mat Sub Mat Fac DSF Gar Maximum Alert Level 1 | . . . 1 . . . Low Security (%) 86 | 100 100 . 53 100 100 100 Level 1 13 | . . . 46 . . . Level 2 . | . . . . . . . Level 3 . | . . . . . . . Level 4 . | . . . . . . . Level 5 . | . . . . . . . High Security . | . . . . . . . Max Security . | . . . . . . . Peak Influence 306 | . 175 . 306 136 139 126 Initial 136 | . . . . 136 88 96 Average 94 | . 65 . 132 132 106 102 Influence Increases 971 | . 363 . 417 . 141 50 Destroy 0b10 Robot/C 480 | . 160 . 200 . 100 20 Destroy 0b10 Robot/NC 35 | . 20 . 15 . . . Destroy Leader 100 | . 46 . 34 . 20 . Successful Hack 24 | . 18 . 6 . . . Disable Machine 45 | . 15 . 30 . . . Destroy Structure 92 | . 29 . 57 . 6 . Partial Spotted 15 | . . . 15 . . . Lose Combat Pursuer 180 | . 75 . 60 . 15 30 Influence Decreases 905 | . 196 167 116 175 138 113 Entered New Map 317 | . . 81 . 165 38 33 Time Decay 398 | . 186 86 116 10 . . Lost Part 190 | . 10 . . . 100 80 Squads Dispatched 3 | . 1 . . . 2 . Investigation . | . . . . . . . Extermination . | . . . . . . . Reinforcement 3 | . 1 . . . 2 . Assault . | . . . . . . . Garrison . | . . . . . . . Intercept . | . . . . . . . Searches Triggered . | . . . . . . . Construction Impeded . | . . . . . . . Haulers Reinforced . | . . . . . . . Active Scanning Responses . | . . . . . . . Cargo Convoy Interrupts . | . . . . . . . Stealth | -11 -10 -10 -8 -7 -7 -7 --------- Run | Yrd Mat Sub Mat Fac DSF Gar Distress Signals 5 | . 2 . 3 . . . Communications Jammed . | . . . . . . . Distress Signals . | . . . . . . . Times Spotted 57 | . 15 2 19 . 7 14 Peak Tracking Total 13 | . 3 2 8 . 4 13 Tactical Retreats 11 | . 4 . 4 . 2 1 ECM-based Alert Blocks 1 | . . . . . 1 . Traps | -11 -10 -10 -8 -7 -7 -7 ------- Run | Yrd Mat Sub Mat Fac DSF Gar Traps Triggered 5 | . . . . . . 5 Indirectly . | . . . . . . . Trap Hack Attempts . | . . . . . . . Triggered . | . . . . . . . Disarmed . | . . . . . . . Reprogrammed . | . . . . . . . Reused . | . . . . . . . Traps Extracted . | . . . . . . . Installed . | . . . . . . . Triggered . | . . . . . . . Machines | -11 -10 -10 -8 -7 -7 -7 ---------- Run | Yrd Mat Sub Mat Fac DSF Gar Machines Disabled 3 | . 1 . 2 . . . Max in Single Turn 1 | . 1 . 1 . . . Machines Repaired . | . . . . . . . Machines Dismantled . | . . . . . . . Machines Sabotaged . | . . . . . . . Overloaded Fab Kills . | . . . . . . . Hacking | -11 -10 -10 -8 -7 -7 -7 --------- Run | Yrd Mat Sub Mat Fac DSF Gar Machines Accessed 6 | . 3 . 1 1 . 1 Terminals 6 | . 3 . 1 1 . 1 Fabricators . | . . . . . . . Repair Stations . | . . . . . . . Recycling Units . | . . . . . . . Scanalyzers . | . . . . . . . Garrison Access . | . . . . . . . Total Hacks 18 | . 10 . 6 1 . 1 Successful 9 | . 5 . 3 1 . . Failed 9 | . 5 . 3 . . 1 Catastrophic 1 | . . . 1 . . . Database Lockouts . | . . . . . . . Manual . | . . . . . . . Terminals 18 | . 10 . 6 1 . 1 Fabricators . | . . . . . . . Repair Stations . | . . . . . . . Recycling Units . | . . . . . . . Scanalyzers . | . . . . . . . Garrison Access . | . . . . . . . Terminal Hacks 9 | . 5 . 3 1 . . Record 3 | . . . 3 . . . Open DSF 1 | . . . . 1 . . Emergency Access Points 2 | . 2 . . . . . Locate Traps 1 | . 1 . . . . . Dispatch Records 2 | . 2 . . . . . Fabricator Hacks . | . . . . . . . Repair Station Hacks . | . . . . . . . Recycling Unit Hacks . | . . . . . . . Scanalyzer . | . . . . . . . Garrison Access Hacks . | . . . . . . . Unauthorized Hacks . | . . . . . . . Terminals . | . . . . . . . Fabricators . | . . . . . . . Repair Stations . | . . . . . . . Recycling Units . | . . . . . . . Scanalyzers . | . . . . . . . Garrison Access . | . . . . . . . Data Cores Recovered . | . . . . . . . Used . | . . . . . . . Hacking Detections 3 | . 2 . 1 . . . Full Trace Events . | . . . . . . . Feedback Events . | . . . . . . . Feedback Blocked . | . . . . . . . Robot Schematics Acquired . | . . . . . . . Robots Built . | . . . . . . . Authchips . | . . . . . . . Time . | . . . . . . . Total Robot Build Rating . | . . . . . . . Part Schematics Acquired . | . . . . . . . Parts Built . | . . . . . . . Authchips . | . . . . . . . Time . | . . . . . . . Total Part Build Rating . | . . . . . . . Part Studies Acquired . | . . . . . . . Parts Repaired . | . . . . . . . Time . | . . . . . . . Parts Recycled . | . . . . . . . Recycled Matter . | . . . . . . . Retrieved Matter . | . . . . . . . Retrieved Components . | . . . . . . . Parts Scanalyzed . | . . . . . . . Part Schematics Acquired . | . . . . . . . Parts Damaged . | . . . . . . . Bothacking | -11 -10 -10 -8 -7 -7 -7 ------------ Run | Yrd Mat Sub Mat Fac DSF Gar Used RIF Installer . | . . . . . . . Robots Hacked . | . . . . . . . Non-combat . | . . . . . . . Combat . | . . . . . . . Robot Hacks Applied . | . . . . . . . Relay Couplers Released . | . . . . . . . Fabnet Peak Effective % . | . . . . . . . Robots Rewired . | . . . . . . . Allies Hacked . | . . . . . . . Hacks Repelled . | . . . . . . . Allies | -11 -10 -10 -8 -7 -7 -7 -------- Run | Yrd Mat Sub Mat Fac DSF Gar Total Allies . | . . . . . . . Largest Group . | . . . . . . . Highest-Rated Group . | . . . . . . . Highest-Rated Ally . | . . . . . . . Total Orders . | . . . . . . . Ally Attacks . | . . . . . . . Total Damage . | . . . . . . . Kills . | . . . . . . . Allies Corrupted . | . . . . . . . Allies Melted . | . . . . . . . Intel | -11 -10 -10 -8 -7 -7 -7 ------- Run | Yrd Mat Sub Mat Fac DSF Gar Active Infowar (turns) 987 | . 293 251 370 28 45 . Sensors 877 | . 183 251 370 28 45 . Seismic 110 | . 110 . . . . . ECM 57 | . . . . 18 39 . Robot Analysis Total . | . . . . . . . Derelict Logs Recovered . | . . . . . . . Drone Launches . | . . . . . . . Drone Recoveries . | . . . . . . . Exploration | -11 -10 -10 -8 -7 -7 -7 ------------- Run | Yrd Mat Sub Mat Fac DSF Gar Turns Passed 1502 | 52 458 251 370 28 134 209 Spaces Moved 1885 | 43 290 427 616 58 173 278 Core 30 | 9 . . . . . 21 Treads . | . . . . . . . Legs . | . . . . . . . Wheels 180 | 34 146 . . . . . Hover 158 | . 126 . . . . 32 Flight 1517 | . 18 427 616 58 173 225 Fastest Speed 27 | 50 37 37 29 27 27 27 Average Speed 40 | 83 76 37 29 27 32 34 Slowest Speed 180 | 100 116 37 31 27 180 100 Overloaded Moves . | . . . . . . . Propulsion Burnouts . | . . . . . . . Robots Hopped 4 | . . . 4 . . . Potential Cave-ins . | . . . . . . . Cave-ins Triggered . | . . . . . . . Exploration Rate (%) 30 | 4 36 27 26 2 89 32 Regions Visited 6 Branch Regions 1 Pre-discovered Areas 1 | . . 1 . . . . Known Exits Taken 1 | . . . . 1 . . Unknown Exits Taken 4 | 1 1 1 1 . . . Scrap Searched . | . . . . . . . Spaces Dug . | . . . . . . . Terrain Destroyed 103 | . 37 . 58 . 8 . Melee . | . . . . . . . Projectile . | . . . . . . . AOE 103 | . 37 . 58 . 8 . Terrain Rammed . | . . . . . . . Walls Destroyed . | . . . . . . . Machines Disabled . | . . . . . . . Actions | -11 -10 -10 -8 -7 -7 -7 --------- Run | Yrd Mat Sub Mat Fac DSF Gar Total 2492 | 58 468 519 766 72 234 375 Wait 305 | . 88 92 98 . 20 7 Move 1869 | 42 289 426 607 57 172 276 Hop 4 | . . . 4 . . . Pick Up 54 | 10 18 1 7 5 12 1 Fast Attach 8 | . 3 . 2 . 3 . Attach 33 | 6 3 . 5 3 12 4 Detach 4 | . . . 1 1 . 2 Swap 26 | . 15 . 7 2 1 1 Drop 35 | . 21 . 6 4 3 1 Fire 84 | . 31 . 29 . 11 13 Melee . | . . . . . . . Ram . | . . . . . . . Kick . | . . . . . . . Crush . | . . . . . . . Escape Stasis 70 | . . . . . . 70 Rewire . | . . . . . . . Trap . | . . . . . . . Miscellaneous . | . . . . . . . Route ------- -11/Scrapyard -10/Materials (discovered 2 exits: [*Mat] / [*Sub]) -10/Subcaves -8/Materials -7/Factory -7/DSF -7/Garrison (discovered 1 exit: *Fac) History --------- Turn | Location | Event 27 | -11/Scrapyard | Discovered new exit (range 16) 53 | -11/Scrapyard | Entered Materials 182 | -10/Materials | Discovered new exit (range 16) 304 | -10/Materials | Build established: Mutant 445 | -10/Materials | Discovered new exit (range 11) 511 | -10/Materials | Entered Subcaves 540 | -10/Subcaves | Learned location of Zion (-7) 540 | -10/Subcaves | Met a Zionite searching for "candidates" 667 | -10/Subcaves | A swath of the cavern ceiling suddenly collapsed 722 | -10/Subcaves | Shifting Twisted Machinery released Sub. Machine Gun 730 | -10/Subcaves | Shifting Twisted Machinery released Sub. Laser 745 | -10/Subcaves | Discovered new exit (range 5) 762 | -10/Subcaves | Entered Materials 762 | -8/Materials | Evolved 4 slots: Propulsion x2, Utility x2 980 | -8/Materials | Discovered new exit (range 10) 991 | -8/Materials | Destroyed 7 combat bots 1103 | -8/Materials | Build established: Sprinter 1132 | -8/Materials | Entered Factory 1132 | -7/Factory | Evolved 2 slots: Propulsion x1, Utility x1 1160 | -7/Factory | Identified exit to DSF 1160 | -7/Factory | Entered DSF 1193 | -7/DSF | Additional patrols routed to DSF 1238 | -7/DSF | Lost 5 parts (1p2n2u) 1266 | -7/DSF | Core integrity fell below 50% 1286 | -7/DSF | Discovered new exit (range 11) 1294 | -7/DSF | Identified exit to Garrison 1294 | -7/DSF | Entered Garrison 1304 | -7/Garrison | Triggered checkpoint 1306 | -7/Garrison | Lost 5 parts (1p2n1u1w) 1413 | -7/Garrison | Discovered new exit (range 5) 1414 | -7/Garrison | Identified exit to Factory 1415 | -7/Garrison | Attempted to access garrison exit controls, blocked by remote lockdown 1471 | -7/Garrison | Core integrity fell below 20% 1488 | -7/Garrison | Triggered checkpoint 1503 | -7/Garrison | Destroyed by G-47 Trooper with Particle Gun Last Messages --------------- Surge Thruster destroyed. P-70 Sage suffers critical hit (Meltdown). Imp. Heat Sink melted. Acquired 53 matter. Slug penetrates Wall. Imp. Flight Unit destroyed. Slug penetrates Wall. Plasma Cannon destroyed. Dropped Sml. Battery. Slug penetrates Wall. Mic. Nuclear Core destroyed. Extracted 1 energy. Acquired Antigrav System. Slug penetrates Wall. Penetrated by Slug. Adv. Weight Redist. System destroyed. Slug penetrates Wall. APN8JPHQSJIRJW40OHKPUT Slug penetrates Wall. Ion Cannon destroyed. Map ----- +----------------------------------------------------+ | ????????????# ??????????????????? | | ????????????# ???????????????????? | | ????????????# ## ## #?????????????????????? | | ????????????# ## ## #?????????????????????? | | ????????????" "?????????????????????? | | ????????????" "?????????????????????? | | ????????????" "?????????????????????? | | ????????????" "?????????????????????? | | ????????????# ## ## #?????????????????????? | | ????????????# ## ## ###########???????????? | | ????????????# #???????????? | | ????????????# ??????????????? | | ????????????# ######????????????????? | | ????????????## ## ##g ##?????????????????????? | | ?????????????# ## ## g#??????????????????????? | | ??####???????# ########g #??????????????????????? | | ??#""#???????# #??????# #??????????????????????? | | ??# T#???????# #??????# #??????????????????????? | | ??# "#???????# #??????# #??????????????????????? | | ??# ##???????# #??????# #??????????????????????? | | ### ##########^ #??????# #??????????????????????? | | #??????# "??????????????????????? | | [ #??????# "??????????????????????? | | ################??????# "??????????????????????? | | !#???????????????????### #??????????????????????? | | #???????????????????#"# @#??????????????????????? | | #???????????????????#" #??????????????????????? | | +??????????"""??????#" #??????????????????????? | | #????????" ""#?????#" #??????????????????????? | | #?????? "#?????#"# #??????????????????????? | | ##### #?????######??????????????????????? | | #?????????????????????????????????? | | ###### "#" "#?????????????????????????????????? | | ???????? "#?????????????????????????????????????? | | ??????????"#?????????????????????????????????????? | | ?????????????????????????????????????????????????? | | ####?????????????????????????????????????????????? | | """#?????????????????????????????????????????????? | | ##?????????????????????????????????????????????? | | #?????????????????????????????????????????????? | | #?????????????????????????????????????????????? | | ####?????????????????????????????????????????????? | | ?????????????????????????????????????????????????? | | ?????????????????????????????????????????????????? | | ?????????????????????????????????????????????????? | | ?????????????????????????????????????????????????? | | ?????????????????????????????????????????????????? | | ?????????????????????????????????????????????????? | | ?????????????????????????????????????????????????? | | ?????????????????????????????????????????????????? | +----------------------------------------------------+ Best States ------------- Heat Dissipation 59 Energy Generation 15 Energy Capacity 280 Matter Stores 300 Matter Capacity 300 Sight Range 16 Robot Scan Range 14 Terrain Scan Density 85 ECM Strength 1 Additional Mass Support 9 Evasion (%) 64 Authchip Count 1 Item Schematics ----------------- None Robot Schematics ------------------ None Fabricated ------------ Nothing Repaired ---------- Nothing Studied --------- None Alien Tech Used ----------------- None Achievements -------------- Window Shopping Challenges ------------ None Game ------ Seed ShieldZeronetReplica Manual? 0 Play Time 00:59:52 Cumulative 44.0 hours Start 2026.08.04 @ 19:55:32 End 2026.08.04 @ 21:03:32 Sessions 1 Manual Loads 0 Difficulty Rogue Special Mode None Game No. 26 Rogue 26 Adventurer 0 Explorer 0 Win Type - Total 0 Types 0/0/0/0/0/0/0/0/0/0 Lore% 14 Gallery% 31 Achievement% 18 Wizard Run 0 Options --------- Layout 1 ASCII 0 Keyboard 0 Movement Mouse Keybinds 0 Fullscreen 1 Font 24/Smallcaps Map View 50x35 Zoom Use 0% Tactical HUD 0 Map Filters NONE Filters NONE Steam 1 RUN: 2eac7c2d-b324-48ed-8283-be841b66b070